 Dungeon Crawl Stone Soup version bcrawl-1.27.3 (webtiles) character file.

Game seed: 16646408911633138771

405051 Freyura the Basher (level 10, -1/70 HPs)
             Began as a Gargoyle Fighter on Aug 8, 2020.
             Was a Believer of Ashenzari.
             Slain by a killer bee (4 damage)
             ... on level 8 of the Dungeon.
             The game lasted 00:20:11 (6756 turns).

Freyura the Basher (Gargoyle Fighter)               Turns: 6756, Time: 00:20:11

Health: -1/70      AC: 17    Str: 21    XL:     10   Next: 89%
Magic:  13/13      EV:  8    Int: 12    God:    Ashenzari [**....]
Gold:   369        SH: 12    Dex: 14    Spells: 9/9 levels left

rFire    . . .     SeeInvis .   a - +2 flail (elec) (curse)
rCold    . . .     Gourm    .   c - +0 medium shield (curse)
rNeg     + . .     Faith    .   t - +5 leather armour of Beaqiyt {MR+ Int+4 Dex+2} (curse)
rPois    ∞         Spirit   .   (no helmet)
rElec    +         Reflect  .   (no cloak)
rCorr    .         Harm     .   l - +0 pair of gloves (curse)
MR       +....                  (no boots)
Stlth    +.........             (no amulet)
HPRegen  0.21/turn              (no ring)
MPRegen  0.13/turn              (no ring)

@: no status effects
A: negative energy resistance 1, robust 1, electricity resistance, wild magic 1,
unbreathing, petrification resistance, rot immunity, AC +7
a: Curse Item, Scrying, Renounce Religion


You were on level 8 of the Dungeon.
You worshipped Ashenzari.
Ashenzari was pleased with you.
You were hungry.

You visited 2 branches of the dungeon, and saw 9 of its levels.

You collected 501 gold pieces.
You spent 132 gold pieces at shops.

Inventory:

Hand Weapons
 a - a cursed +2 flail of electrocution (weapon)
Armour
 c - a cursed +0 medium shield (worn)
 l - a cursed +0 pair of gloves (worn)
 t - the cursed +5 leather armour of Beaqiyt (worn) {MR+ Int+4 Dex+2}
   (You found it on level 6 of the Dungeon)

   It affects your intelligence (+4).
   It affects your dexterity (+2).
   It affects your resistance to hostile enchantments.
   It has a curse placed upon it.
Wands
 m - a wand of random effects (5)
 o - a wand of clouds (5)
 p - a wand of paralysis (4)
Scrolls
 b - 2 scrolls of magic mapping
 d - 2 scrolls of immolation
 g - 3 scrolls of teleportation
 i - 4 scrolls of identify
 k - 9 scrolls of remove curse
 n - a scroll of torment
 q - a scroll of enchant weapon
 r - 3 scrolls of enchant armour {unknown}
 s - a scroll of blinking
Potions
 f - 4 potions of curing
 h - 2 potions of magic
 j - 3 potions of lignification
 v - a potion of haste {unknown}
Comestibles
 e - 15 rations {!d}


   Skills:
 + Level 8.2 Fighting
 * Level 10.0(12.1) Maces & Flails
 + Level 8.3 Armour
 + Level 8.2(9.7) Shields
 + Level 4.0 Evocations


You had 9 spell levels left.
You didn't know any spells.
Your spell library contained the following spells:

 Spells                   Type           Power        Failure   Level  Hunger
 Animate Skeleton         Necr           N/A          95%         1    None
 Magic Dart               Conj           #...         95%         1    None
 Pain                     Necr           #.....       95%         1    None
 Sting                    Conj/Pois      #...         95%         1    None
 Blink                    Tloc           N/A          98%         2    ####...
 Call Imp                 Summ           #.....       98%         2    ####...
 Poisonous Vapours        Pois/Air       #.....       98%         2    ####...
 Confuse                  Hex            #.......     100%        3    #####..
 Conjure Flame            Conj/Fire      #.......     100%        3    #####..
 Dazzling Orbs            Conj/Hex       #......      100%        3    #####..
 Ignite Poison            Fire/Tmut/Pois #.......     100%        3    #####..
 Mephitic Cloud           Conj/Pois/Air  #.......     100%        3    #####..
 Regeneration             Chrm/Necr      #.........   100%        3    #####..
 Spider Form              Tmut/Pois      #..          100%        3    #####..
 Vampiric Draining        Necr           #.........   100%        3    #####..
 Animate Dead             Necr           N/A          100%        4    ######.
 Olgreb's Toxic Radiance  Pois           #........    100%        4    ######.
 Petrify                  Tmut/Erth      #.........   100%        4    ######.
 Summon Scorpions         Summ/Pois      #.......     100%        4    ######.
 Yara's Violent Unravell  Hex/Tmut       #.........   100%        4    ######.
 Bolt of Draining         Conj/Necr      #.........   100%        5    #######
 Metabolic Englaciation   Hex/Ice        #.........   100%        5    #######
 Venom Bolt               Conj/Pois      #.........   100%        5    #######
 Mana Rupture             Conj/Hex       #.........   100%        7    #######


Dungeon Overview and Level Annotations

Branches:
Dungeon (8/12)             Temple (1/1) D:4
   Lair: D:7-9          Orc: D:8-11

Altars:
Ashenzari
Cheibriados
Dithmenos
Elyvilon
Fedhas
Gozag
Hepliaklqana
Kikubaaqudgha
Lugonu
Makhleb
Nemelex Xobeh
Okawaru
Qazlal
Ru
Sif Muna
Trog
Uskayaw
Vehumet
Wu Jian
Xom
Yredelemnul
The Shining One

Shops:
D:4 *


Innate Abilities, Weirdness & Mutations

You are resistant to torment.
Your stone body is resilient. (AC +7)
You are immune to poison.
You resist negative energy. (rN+)
You are resistant to electric shocks. (rElec)
You can survive without breathing.
You are immune to petrification.
You are immune to rotting.
You are robust. (+10% HP)
Your spells are a little harder to cast, but a little more powerful.


Message History

You closely miss the killer bee.
The killer bee is severely wounded.
The killer bee barely misses you.
The killer bee stings you but does no damage.
You block the killer bee's attack.
The killer bee stings you but does no damage.
You block the killer bee's attack. The killer bee closely misses you. x2
You hit the killer bee but do no damage.
Lightning courses through the killer bee!
You kill the killer bee!
You block the killer bee's attack. The killer bee stings you!
* * * LOW HITPOINT WARNING * * *
You block the killer bee's attack. The killer bee barely misses you.
The killer bee stings you!
* * * LOW HITPOINT WARNING * * *
You miss the killer bee. The killer bee barely misses you.
The killer bee closely misses you. You block the killer bee's attack.
The killer bee stings you but does no damage.
The killer bee stings you.
You die...

#....♣ ♣♣♣, ,
####.# *, *
#.# * , ≈ #.♣
* *. , #.#
♣♣♣ ♣♣. #.♣
♣.♣♣.. .
#.♣♣♣...♣*..
#yy♣♣..♣♣.♣..
,
#@yyy.♣....♣
, ##yyy.†.♣ ,
* ###..[...♣
####...♣
*#.....*
#####


You could see 8 killer bees.

Vanquished Creatures
  Erica (D:8)
  A tengu warrior (D:8)
  Pikel (D:5)
  An ugly thing (D:7)
  A meliai (D:7)
  A hornet (D:8)
  A hippogriff (D:7)
  The ghost of Freyura the Covered, an amateur GrFi (D:3)
  A hungry ghost (D:7)
  A water moccasin (D:6)
  A slave (D:5)
  An ice beast (D:6)
  A necrophage (D:8)
  5 ogres
  2 phantoms
  3 centaurs
  A wyvern zombie (D:6)
  A wyvern skeleton (D:3)
  A scorpion (D:2)
  14 killer bees
  4 crimson imps
  2 orc priests
  2 jellies
  4 orc wizards
  2 centaur skeletons
  2 iguanas
  8 worker ants
  2 hound skeletons
  A worker ant zombie (D:5)
  5 adders
  7 gnolls
  2 shadow imps
  3 oozes
  An adder zombie (D:5)
  7 worms
  A dart slug (D:3)
  3 leopard geckos
  11 orcs
  2 giant cockroaches
  5 goblins
  10 hobgoblins
  17 jackals
  A quokka (D:4)
  4 ball pythons
  A bat (D:2)
  A frilled lizard (D:2)
  A jackal zombie (D:3)
  9 kobolds
  A quokka skeleton (D:3)
  4 rats
163 creatures vanquished.

Vanquished Creatures (others)
  A slave (D:5)
1 creature vanquished.

Grand Total: 164 creatures vanquished

Notes
Turn   | Place    | Note
-------+----------+-------------------------------------------
     0 | D:1      | Freyura the Gargoyle Fighter began the quest for the Orb.
     0 | D:1      | Reached XP level 1. HP: 14/14 MP: 1/1
   729 | D:2      | Reached XP level 2. HP: 19/19 MP: 2/2
   731 | D:2      | Found a shadowy altar of Dithmenos.
   731 | D:2      | Found a bloodstained altar of Trog.
   811 | D:2      | Found a shattered altar of Ashenzari.
   818 | D:2      | Became a worshipper of Ashenzari the Shackled
   941 | D:2      | Reached XP level 3. HP: 23/23 MP: 3/3
  1147 | D:2      | Reached skill level 3 in Maces & Flails
  1186 | D:2      | Reached XP level 4. HP: 8/29 MP: 4/4
  1477 | D:2      | Found a shimmering blue altar of Sif Muna.
  1493 | D:2      | Found a stormy altar of Qazlal.
  1599 | D:2      | HP: 1/29 [scorpion (2)]
  1601 | D:2      | Reached XP level 5. HP: 1/33 MP: 5/5
  2042 | D:3      | Found a runed translucent gate.
  2042 | D:3      | Found a runed translucent gate.
  2042 | D:3      | Found a runed translucent gate.
  2046 | D:3      | Noticed Freyura's ghost (amateur GrFi)
  2095 | D:3      | Reached skill level 4 in Maces & Flails
  2408 | D:3      | Reached XP level 6. HP: 38/38 MP: 6/6
  2531 | D:3      | Reached * piety under Ashenzari
  2715 | D:4      | Found a staircase to the Ecumenical Temple.
  2727 | Temple   | Entered the Ecumenical Temple
  2904 | D:4      | Found an opulent altar of Gozag.
  2956 | D:4      | Noticed a phantom
  3021 | D:4      | Killed a phantom
  3021 | D:4      | Reached XP level 7. HP: 20/44 MP: 7/7
  3198 | D:4      | Reached skill level 5 in Maces & Flails
  3308 | D:4      | Found Ynaij Dewad's Assorted Antiques.
  3311 | D:4      | Bought a scroll of remove curse for 99 gold pieces
  3311 | D:4      | Bought a scroll labeled DIEDYC UPPOVYWK for 33 gold pieces
  3573 | D:4      | Found an ornate altar of the Wu Jian Council.
  3676 | D:3      | Killed Freyura's ghost
  3676 | D:3      | Reached skill level 5 in Fighting
  3676 | D:3      | Reached skill level 5 in Armour
  3676 | D:3      | Reached skill level 5 in Shields
  3841 | D:5      | Entered Level 5 of the Dungeon
  3894 | D:5      | Reached XP level 8. HP: 37/49 MP: 8/8
  3896 | D:5      | Reached skill level 6 in Maces & Flails
  3959 | D:5      | Found a hazy altar of Hepliaklqana.
  4066 | D:5      | Noticed Pikel
  4076 | D:5      | Killed Pikel
  4239 | D:5      | Reached skill level 7 in Maces & Flails
  4429 | D:5      | Found a sparkling altar of Nemelex Xobeh.
  4535 | D:5      | Reached XP level 9. HP: 50/55 MP: 9/9
  4761 | D:6      | Found a blossoming altar of Fedhas.
  4900 | D:6      | Got the uncursed leather armour of Beaqiyt {MR+ Int+4
                  | Dex+2}
  4957 | D:6      | Reached ** piety under Ashenzari
  4968 | D:6      | Identified the +5 leather armour of Beaqiyt {MR+ Int+4
                  | Dex+2} (You found it on level 6 of the Dungeon)
  5090 | D:6      | Reached skill level 1 in Evocations
  5144 | D:6      | Found an ancient bone altar of Kikubaaqudgha.
  5219 | D:6      | Found a glowing golden altar of the Shining One.
  5493 | D:7      | Noticed a meliai
  5499 | D:7      | Killed a meliai
  5504 | D:7      | Gained mutation: Your spells are a little harder to cast,
                  | but a little more powerful. [potion of mutation]
  5504 | D:7      | Gained mutation: You are robust. (+10% HP) [potion of
                  | mutation]
  5517 | D:7      | HP: 3/61 [gnoll (4)]
  5521 | D:7      | Reached skill level 8 in Maces & Flails
  5739 | D:7      | Noticed a white ugly thing
  5749 | D:7      | Killed a white ugly thing
  5937 | D:7      | Reached XP level 10. HP: 69/69 MP: 10/12
  6030 | D:7      | Reached skill level 9 in Maces & Flails
  6040 | D:7      | Found a corrupted altar of Lugonu.
  6384 | D:8      | Noticed Erica
  6399 | D:8      | Killed Erica
  6523 | D:8      | Noticed a tengu warrior
  6531 | D:8      | Killed a tengu warrior
  6657 | D:8      | Found a white marble altar of Elyvilon.
  6738 | D:8      | Reached skill level 10 in Maces & Flails
  6755 | D:8      | HP: 2/70 [killer bee (7)]
  6756 | D:8      | Slain by a killer bee

Skill      XL: |  1  2  3  4  5  6  7  8  9 10 |
---------------+-------------------------------+-----
Maces & Flails | 3 4 5 7 8 10 | 10.0
Fighting       | 4 5 6 7 8 |  8.2
Armour         | 4 5 6 7 8 |  8.3
Shields        | 4 5 6 7 8 |  8.2
Evocations     | 2 4 |  4.0

Action                   |  1- 3 |  4- 6 |  7- 9 | 10-12 || total
-------------------------+-------+-------+-------+-------++-------
Melee: Flail             |   102 |   240 |   198 |   133 ||   673
Invok: Curse Item        |     2 |       |     2 |       ||     4
Evoke: Wand              |       |       |       |     1 ||     1
  Use: Scroll            |     4 |     7 |     2 |     1 ||    14
       Potion            |       |     1 |     2 |       ||     3
 Stab: Distracted        |       |       |       |     1 ||     1
       Confused          |       |       |       |     1 ||     1
  Eat: Chunk             |     4 |    11 |    11 |     6 ||    32
       Ration            |       |     1 |     1 |       ||     2
Armor: Scale mail        |    76 |   161 |    61 |       ||   298
       Leather armour    |       |       |    32 |    84 ||   116
Dodge: Dodged            |    31 |    50 |    47 |    53 ||   181
Block: Medium shield     |    52 |   114 |   105 |   128 ||   399
